 Dungeon Crawl Stone Soup version 0.30.1-3-gfc49f6343a (webtiles) character file.

Game seed: 4279662278866142614

135 Babbit the Ruffian (level 4, -1/42 HPs)
             Began as a Troll Warper on July 19, 2023.
             Succumbed to an adder's poison
             ... on level 2 of the Dungeon.
             The game lasted 00:13:50 (1601 turns).

Babbit the Ruffian (Troll Warper)                   Turns: 1601, Time: 00:13:52

Health: -1/42      AC:  5    Str: 19    XL:     4   Next: 96%
Magic:  5/5        EV: 10    Int: 11    God:
Gold:   78         SH:  0    Dex:  9    Spells: 5/5 levels left

rFire   . .          .
                       - Unarmed
rCold   . . .        (no shield)
rNeg    . . .        a - +1 robe
rPois   .            (helmet restricted)
rElec   .            (no cloak)
rCorr   .            (gloves unavailable)
SInv    .            (boots unavailable)
Will    .....        (no amulet)
Stlth   +            (no ring)
HPRegen 1.07/turn    (no ring)
MPRegen 0.09/turn

%: no passive effects
@: lethally poisoned (-1 -> -3)
A: large, unfitting armour, claws 3, regeneration 1, shaggy fur 1, tough skin 1
a: no special abilities


You were on level 2 of the Dungeon.
You visited 1 branch of the dungeon, and saw 3 of its levels.

You collected 78 gold pieces.

Inventory:

Missiles
 c - 3 boomerangs of dispersal (quivered)
Armour
 a - a +1 robe (worn)
Scrolls
 b - 2 scrolls of blinking
 f - a scroll of noise {unknown}
 i - a scroll of torment {unknown}
 l - a scroll of fear
 n - a scroll of magic mapping {unknown}
 p - a scroll of teleportation {unknown}
Potions
 d - a potion of heal wounds {unknown}
 e - a potion of flight {unknown}
 g - a potion of mutation {unknown}
 h - a potion of degeneration {unknown}
 j - a potion of resistance {unknown}
 k - a potion of magic {unknown}
 m - a potion of cancellation {unknown}
 o - a potion of might {unknown}


   Skills:
 + Level 1.9 Fighting
 + Level 0.8 Throwing
 + Level 2.8 Dodging
 + Level 0.1 Stealth
 + Level 3.9 Unarmed Combat
 + Level 1.3 Spellcasting
 + Level 2.4 Translocations


You had 5 spell levels left.
You didn't know any spells.
Your spell library contained the following spells:

 Spells                   Type           Power      Damage    Failure   Level
 Blink                    Tloc           12%        N/A       17%         2
 Lesser Beckoning         Tloc           12%        N/A       17%         2
 Teleport Other           Tloc           6%         N/A       34%         3
 Vhi's Electric Charge    Tloc/Air       6%         N/A       50%         3
 Manifold Assault         Tloc           6%         N/A       75%         4


Dungeon Overview and Level Annotations

Branches:
Dungeon (3/15)

Altars:


Innate Abilities, Weirdness & Mutations

You are too large for most types of armour.
You have claws for hands.
Your natural rate of healing is unusually fast.
You are covered in fur. (AC +1)
You have tough skin. (AC +1)


Message History

Aim: a gnoll, wielding a +1 heavy spear (56% to hit)
You throw a boomerang of dispersal. The endoplasm quivers.
The boomerang of dispersal hits the gnoll and shatters for extra damage.
The gnoll blinks!
The gnoll is moderately wounded.
The gnoll hits you from afar with a +0 spear.
HP restored.
The gnoll throws a throwing net.
The throwing net hits you.
You become entangled in the net!
You stop ascending the stairs.
The endoplasm jiggles.
You struggle against the net.
The quokka bites you.
The gnoll hits you from afar with a +0 spear.
The gnoll hits you with a +0 club. The adder bites you but does no damage.
You tear a large gash into the net.
The quokka bites you but does no damage.
The adder bites you.
You are poisoned.
The adder poisons you!
The gnoll hits you from afar with a +0 spear.
The endoplasm hits you but does no damage.
The gnoll hits you from afar with a +1 heavy spear.
The gnoll hits you with a +0 club.
The quokka bites you but does no damage.
You rip the net and break free!
You feel sick. The adder closely misses you. The quokka bites you.
The orc closely misses you. The gnoll hits you but does no damage.
The gnoll hits you with a +0 club. The endoplasm hits you.
You feel sick. The adder bites you.
You are more poisoned.
The adder poisons you!
The gnoll hits you from afar with a +1 heavy spear!
* * * LOW HITPOINT WARNING * * *
The quokka barely misses you.
The gnoll hits you from afar with a +0 spear.
* * * LOW HITPOINT WARNING * * *
The endoplasm barely misses you. The gnoll barely misses you.
The orc barely misses you. The adder bites you.
* * * LOW HITPOINT WARNING * * *
You climb upwards.
You die...

########.## ##.......
#......#..# ##........
#......##.###.........
#......##.#...........
#....)...........###..
#...........######....
#......##.### ##....
#...Jrg##<# #.....
#...S@o##.# ###.....
#########.# ##.......
#.####........
#.............
#.............
##...>.........
######..............
#...........8.8.8#..
#...)......8.....#..


You could see a gnoll, an adder, an orc, an endoplasm and a quokka.

Vanquished Creatures
  A scorpion (D:2)
  2 adders (D:2)
  A worm (D:2)
  A dart slug (D:1)
  2 bats (D:1)
  6 endoplasms
  4 goblins
  6 hobgoblins
  9 jackals
  A quokka (D:1)
  2 ball pythons (D:1)
  5 frilled lizards
  5 kobolds
  3 rats (D:1)
48 creatures vanquished.

Notes
Turn   | Place    | Note
-------+----------+-------------------------------------------
     0 | D:1      | Babbit the Troll Warper began the quest for the Orb.
     0 | D:1      | Reached XP level 1. HP: 19/19 MP: 1/1
   246 | D:1      | Reached XP level 2. HP: 27/27 MP: 2/2
   689 | D:1      | Reached XP level 3. HP: 21/35 MP: 2/4
   905 | D:2      | Found a faded altar of an unknown god.
  1055 | D:2      | Reached skill level 3 in Unarmed Combat
  1252 | D:2      | Noticed a scorpion
  1265 | D:2      | Killed a scorpion
  1266 | D:2      | Reached XP level 4. HP: 17/42 MP: 5/5
  1600 | D:3      | HP: 1/42 [adder (2)]
  1601 | D:2      | Succumbed to an adder's poison

Illustrated notes

Levels and vault maps discovered:
D:1:      dpeg_arrival_long_road, layout_basic
D:2:      layout_rooms, serial_forest, infiniplex_forest_split,
          infiniplex_forest_straight_3, infiniplex_forest_clump_tiny,
          infiniplex_forest_lined_3_way, shapermc_ecumenical_altar_pompeii
D:3:      layout_rooms, grunt_decor_mini_mirrors

Skill      XL: |  1  2  3 |
---------------+----------+-----
Dodging        | 2 |  2.8
Unarmed Combat | 3 |  3.9
Fighting       | |  1.9
Throwing       | |  0.8
Stealth        | |  0.1
Spellcasting   | |  1.3
Translocations | |  2.4

Action                     |  1- 3 |  4- 6 || total
---------------------------+-------+-------++-------
  Melee: Unarmed           |   176 |     9 ||   185
  Throw: Boomerang         |     3 |     1 ||     4
    Use: Scroll            |     4 |       ||     4
 Armour: Robe              |    61 |     6 ||    67
  Dodge: Dodged            |    82 |     9 ||    91
